 Dungeon Crawl Stone Soup version 0.17.0-7-gfadd4cc (console) character file.

1 gw the Skirmisher (level 1, -6/18 HPs)
             Began as a Demonspawn Abyssal Knight on Nov 9, 2015.
             Was a Follower of Lugonu.
             Mangled by a gnoll
             ... wielding a +1 flail of protection
              (12 damage)
             ... on level 1 of the Dungeon.
             The game lasted 00:00:16 (230 turns).

gw the Skirmisher (Demonspawn Abyssal Knight)        Turns: 230, Time: 00:00:16

Health: -6/18      AC:  3    Str: 12    XL:     1   Next: 16%
Magic:  2/2        EV: 11    Int: 13    God:    Lugonu [*.....]
Gold:   21         SH:  0    Dex: 12    Spells: 0 memorised, 0 levels left

rFire  . . .     SeeInvis .     a - +1 mace
rCold  . . .     Clarity  .     b - +0 leather armour
rNeg   . . .     SustAt   .     (no shield)
rPois  .         Gourm    .     (no helmet)
rElec  .         Spirit   .     (no cloak)
rCorr  .         Warding  .     (no gloves)
rMut   .         Stasis   .     (no boots)
MR     .....                    (no amulet)
Stlth  +.........               (no ring)
                                (no ring)

@: not resistant to hostile enchantments, very unstealthy
A: no striking features
a: Depart the Abyss, Renounce Religion


You were on level 1 of the Dungeon.
You worshipped Lugonu.
Lugonu was aware of your devotion.
You were not hungry.

You visited 1 branch of the dungeon, and saw 1 of its levels.
You visited the Abyss 1 time.

You collected 21 gold pieces.

Inventory:

Hand Weapons
 a - a +1 mace (weapon)
Missiles
 d - 16 stones (quivered)
Armour
 b - a +0 leather armour (worn)
Comestibles
 c - a bread ration


   Skills:
 + Level 3.0 Fighting
 * Level 1.7 Maces & Flails
 + Level 0.0 Throwing
 + Level 1.7 Armour
 - Level 0.8 Dodging
 + Level 2.6 Invocations


You couldn't memorise any spells.
You didn't know any spells.

Dungeon Overview and Level Annotations

Branches:
Dungeon (1/15)

Altars:


Message History

Unknown command.
Unknown command.
Unknown command.
Unknown command.
FLEEEEING!
ATTACKING (1,0)
You hit the gnoll.
The gnoll is lightly wounded.
The gnoll misses you.
Unknown command.
Unknown command.
Unknown command.
Unknown command.
FLEEEEING!
ATTACKING (1,0)
You hit the gnoll but do no damage.
The gnoll is lightly wounded.
The gnoll hits you with a flail of protection!
Ouch! That really hurt!
You die...

########## ######## #.........
.......# #......... .#####'#####
#.........
.#.........#############.........
.#.........#.%..6g.....'.........
.#..}...}..#.###########.........
.#.........#.# ##########
?+....<....+.# .#.........#.#
.#..}..?}..#.# .#.........#.#
.#.........#.# #
.#####+#####.##.+


You could see a gnoll.

Table legend:
 A = Turns spent in this place as a percentage of turns spent in the entire game.
 B = Non-inter-level travel turns spent in this place as a percentage of non-inter-level travel turns spent in the entire game.
 C = Inter-level travel turns spent in this place as a percentage of turns spent in this place.
 D = Turns resting spent in this place as a percentage of non-inter-level travel turns spent in this place.
 E = Turns spent auto-exploring this place as a percentage of non-inter-level travel turns spent in this place.
 F = Non-inter-level travel turns spent in this place divided by the number of levels of this place that you've seen.
                   A       B       C       D       E      F
               +-------+-------+-------+-------+-------+----------------------
         Total | 100.0 | 100.0 |   0.0 |   0.5 |   3.4 | 207.5
       Dungeon |  76.9 |  76.9 |   0.0 |   0.6 |   2.5 | 319.0
         Abyss |  23.1 |  23.1 |   0.0 |   0.0 |   6.2 |  96.0
               +-------+-------+-------+-------+-------+----------------------

Table legend:
 A = Kills in this place as a percentage of kills in entire the game.
 B = Kills by you in this place as a percentage of kills by you in the entire game.
 C = Kills by friends in this place as a percentage of kills by friends in the entire game.
 D = Other kills in this place as a percentage of other kills in the entire game.
 E = Experience gained in this place as a percentage of experience gained in the entire game.
 F = Experience gained in this place divided by the number of levels of this place that you have seen.
                   A       B       C       D       E      F
               +-------+-------+-------+-------+-------+----------------------
         Total | 100.0 | 100.0 |  -nan |  -nan | 100.0 |   1.0
       Dungeon | 100.0 | 100.0 |  -nan |  -nan | 100.0 |   2.0
               +-------+-------+-------+-------+-------+----------------------

Vanquished Creatures
  A giant newt (D:1)
  A kobold (D:1)
2 creatures vanquished.

Notes
Turn   | Place    | Note
--------------------------------------------------------------
     0 | Abyss:1  | gw the Demonspawn Abyssal Knight began the quest for the Orb.
     0 | Abyss:1  | Reached XP level 1. HP: 18/18 MP: 2/2
    32 | Abyss:1  | Found a corrupted altar of Lugonu.
    45 | Abyss:1  | Noticed a wretched star
    45 | D:1      | Escaped the Abyss
   167 | D:1      | Reached * piety under Lugonu
   230 | D:1      | Mangled by a gnoll

Action                   || total
-------------------------++-------
Melee: Mace              ||    10
Throw: Stone             ||     8
Invok: Depart the Abyss  ||     1

Vault maps used:
D:1:      mushboom_english_gardens
